AoeStats
← 师太爱失态

African Clearing

520141663Analyzed
4v4 RM · 6d ago on Nov 10, 2026· 55m 34s· 8 players
Game mode
Random Map
Map size
Large (8 player)
Population
200
Speed
Normal
Resources
Standard
Victory
Conquest
Starting age
Dark Age
Ending age
Imperial Age
RankedLock teamsTeams togetherTeam positionsShared explorationLock speedFull tech treeHidden civsTurbo modeCheats
Victory
Defeat
🇹🇼 Berbers · Taiwan
1387
+14
🇨🇳 Celts · China
1359
+15
🇨🇳 Magyars · China
1312
+16
🇨🇳 Persians · China
1309
+16
vs
🇦🇷 Goths · Argentina
1483
-21
🇳🇱 Turks · Netherlands
1381
-17
🇦🇷 Khmer · Argentina
1236
-12
🇨🇳 Franks · China
1193
-11
师太爱失态
10:12 Loom
14:33 Feudal Age
15:35 Double-Bit Axe
18:35 Castle Age
16:48 Horse Collar
17:38 Stone Mining
19:34 Bow Saw
23:37 Corvinian Army
26:21 Heavy Plow
27:46 Gold Mining
28:55 Wheelbarrow
29:32 Bloodlines
30:12 Scale Barding Armor
32:22 Gold Shaft Mining
32:15 Chain Barding Armor
35:34 Imperial Age
33:14 Fletching
34:03 Hand Cart
34:47 Bodkin Arrow
34:52 Padded Archer Armor
35:34 Husbandry
36:41 Parthian Tactics
35:41 Elite Magyar Huszar
36:14 Town Watch
36:54 Ballistics
37:34 Chemistry
37:12 Plate Barding Armor
36:37 Bracer
37:17 Conscription
37:50 Crop Rotation
38:41 Heavy Cavalry Archer
39:28 Thumb Ring
39:24 Treadmill Crane
39:47 Bracer
40:02 Leather Archer Armor
40:25 Town Patrol
41:35 Two-Man Saw
41:48 Recurve Bow
42:40 Ring Archer Armor
42:25 Masonry
44:03 Siege Engineers
45:57 Cavalier
47:10 Paladin
53:46 Hoardings
fuchai
5:31 Loom
12:09 Feudal Age
16:33 Forging
16:32 Horse Collar
20:50 Castle Age
19:32 Bloodlines
21:18 Scale Barding Armor
23:29 Iron Casting
25:57 Chain Barding Armor
26:41 Husbandry
32:21 Double-Bit Axe
34:47 Wheelbarrow
35:42 Town Watch
41:12 Imperial Age
38:43 Gold Mining
38:53 Fletching
40:16 Gold Shaft Mining
40:11 Hand Cart
41:49 Gold Shaft Mining
41:05 Stone Mining
41:11 Bodkin Arrow
42:19 Conscription
42:07 Bracer
42:19 Bow Saw
42:14 Heavy Plow
42:22 Padded Archer Armor
41:52 Elite Skirmisher
43:00 Ballistics
43:44 Leather Archer Armor
44:42 Stone Shaft Mining
45:24 Chemistry
44:04 Pikeman
44:45 Squires
44:47 Scale Mail Armor
44:26 Heavy Cavalry Archer
45:53 Chain Mail Armor
45:14 Elite Camel Archer
47:34 Ring Archer Armor
47:35 Plate Mail Armor
46:34 Heavy Camel Rider
48:31 Cavalier
49:54 Masonry
49:24 Treadmill Crane
50:37 Murder Holes
我不吃牛肉
14:41 Feudal Age
16:37 Double-Bit Axe
18:54 Castle Age
18:00 Fishing Lines
19:19 Forging
26:02 Loom
27:44 Gillnets
32:54 Imperial Age
31:21 Iron Casting
32:10 Wheelbarrow
31:59 Scale Mail Armor
32:11 Bow Saw
33:23 Chain Mail Armor
33:05 Capped Ram
33:40 Elite Woad Raider
36:46 Blast Furnace
36:20 Plate Mail Armor
36:13 Siege Ram
36:56 Gambesons
36:56 Arson
38:16 Furor Celtica
39:31 Man-at-Arms
41:40 Hand Cart
41:07 Long Swordsman
45:58 Pikeman
47:20 Gold Mining
47:15 Halberdier
48:28 Conscription
Kaiser Ze
4:53 Loom
15:45 Feudal Age
19:52 Castle Age
18:52 Double-Bit Axe
21:33 Wheelbarrow
22:00 Fletching
28:16 Fishing Lines
32:23 Bodkin Arrow
34:23 Bloodlines
34:13 Husbandry
34:23 Thumb Ring
34:52 Parthian Tactics
34:58 Padded Archer Armor
45:23 Hand Cart
44:59 Horse Collar
46:43 Town Watch
47:46 Town Patrol
51:51 Imperial Age
52:24 Horse Collar
54:21 Heavy Plow
54:33 Forging
54:23 Scale Mail Armor
54:34 Scale Mail Armor
54:49 Gold Mining
Premium
13:00 Loom
14:45 Feudal Age
18:56 Castle Age
17:01 Double-Bit Axe
16:57 Horse Collar
17:48 Fletching
17:59 Padded Archer Armor
20:41 Bow Saw
20:32 Heavy Plow
25:51 Bodkin Arrow
29:11 Thumb Ring
33:03 Wheelbarrow
32:13 Town Watch
33:35 Leather Archer Armor
33:57 Masonry
34:57 Husbandry
35:07 Bloodlines
35:42 Sipahi
39:07 Imperial Age
39:51 Bracer
39:20 Heavy Cavalry Archer
41:08 Bombard Tower
41:11 Ballistics
41:44 Parthian Tactics
43:09 Ring Archer Armor
42:49 Scale Barding Armor
42:54 Forging
46:30 Chain Barding Armor
46:45 Iron Casting
48:05 Plate Barding Armor
48:14 Iron Casting
55:14 Blast Furnace
虾米最小的最色
7:10 Loom
15:55 Feudal Age
22:28 Castle Age
21:01 Double-Bit Axe
31:18 Stone Mining
35:12 Imperial Age
35:56 Gold Mining
38:25 Husbandry
38:36 Bloodlines
40:43 Bow Saw
43:07 Horse Collar
44:11 Gold Shaft Mining
44:57 Scale Barding Armor
45:03 Forging
44:57 Tusk Swords
46:16 Wheelbarrow
45:47 Heavy Plow
46:46 Chain Barding Armor
47:42 Iron Casting
47:54 Hand Cart
49:41 Plate Barding Armor
54:02 Blast Furnace
54:47 Light Cavalry
297539664
15:31 Feudal Age
20:25 Castle Age
19:34 Scale Barding Armor
20:41 Forging
21:48 Chain Barding Armor
34:55 Wheelbarrow
37:52 Imperial Age
35:59 Gold Mining
36:51 Husbandry
38:50 Hand Cart
37:56 Cavalier
39:16 Plate Barding Armor
39:16 Iron Casting
39:39 Gold Shaft Mining
40:09 Paladin
49:45 Blast Furnace
50:42 Scale Mail Armor
51:53 Chivalry
虾米
3:46 Loom
15:07 Feudal Age
19:02 Castle Age
17:04 Double-Bit Axe
20:23 Bow Saw
20:02 Horse Collar
22:16 Heavy Plow
28:08 Wheelbarrow
31:39 Imperial Age
28:55 Pikeman
29:36 Squires
31:27 Hand Cart
31:42 Scale Mail Armor
31:52 Forging
32:21 Forging
32:10 Halberdier
32:14 Capped Ram
33:28 Chain Mail Armor
34:08 Perfusion
34:29 Conscription
35:23 Gold Mining
35:24 Stone Mining
37:18 Iron Casting
38:13 Anarchy
Connection lost

Rejoining the realm…

Still unreachable

The connection could not be restored.

Session expired

The server has moved on; the page needs a fresh start.